 Dungeon Crawl Stone Soup version 0.30-a0-553-g7fabdf1491 (webtiles) character file.

Game seed: 5757694729114998788

681 arthad the Digger (level 7, -4/36 HPs)
             Began as a Gargoyle Earth Elementalist on Dec 27, 2022.
             Killed from afar by Dowan (6 damage)
             ... with a puff of flame
             ... on level 5 of the Dungeon.
             The game lasted 00:11:04 (4348 turns).

arthad the Digger (Gargoyle Earth Elementalist)     Turns: 4348, Time: 00:11:04

Health: -4/36      AC:  9    Str: 11    XL:     7   Next: 61%
Magic:  2/11       EV: 12    Int: 18    God:
Gold:   200        SH:  0    Dex: 16    Spells: 10/14 levels left

rFire   . . .      SeeInvis .    m - staff of conjuration
rCold   . . .      Faith    .    (no shield)
rNeg    + . .      Spirit   .    a - +0 robe
rPois   ∞          Reflect  .    (no helmet)
rElec   +          Harm     .    n - +0 cloak
rCorr   .          Rampage  .    (no gloves)
Will    .....                    p - +0 pair of boots
Stlth   +++                      (no amulet)
HPRegen 0.26/turn                o - +6 ring of dexterity
MPRegen 0.12/turn                (no ring)

@: attractive, flying, unable to read
A: sickness immunity, AC +4, negative energy resistance 1, electricity
resistance, torment resistance 1, petrification resistance, low MP 1, inability
to read after injury 1
a: no special abilities


You were on level 5 of the Dungeon.
You visited 1 branch of the dungeon, and saw 5 of its levels.

You collected 200 gold pieces.

Inventory:

Hand Weapons
 d - a +0 sling
 k - a +0 vampiric dagger
 v - a +1 whip of venom
 w - a +0 rapier
 y - a +1 whip of electrocution
Missiles
 B - 3 silver javelins
Armour
 a - a +0 robe (worn)
 n - a +0 cloak (worn)
 p - a +0 pair of boots (worn)
Magical Staves
 m - a staff of conjuration (weapon)
Jewellery
 o - a +6 ring of dexterity (left hand)
Wands
 b - a wand of quicksilver (8)
 u - a wand of flame (11)
Scrolls
 c - 2 scrolls of noise {unknown}
 e - a scroll of enchant armour {unknown}
 h - a scroll of enchant weapon {unknown}
 j - 5 scrolls of teleportation {unknown}
 l - a scroll of silence {unknown}
 q - 3 scrolls of identify {unknown}
 r - 2 scrolls of amnesia {unknown}
 s - a scroll of immolation {unknown}
 t - a scroll of torment {unknown}
Potions
 f - a potion of curing
 g - a potion of mutation
 A - a potion of heal wounds


   Skills:
 + Level 1.3 Armour
 + Level 2.5 Dodging
 * Level 5.0 Stealth
 * Level 4.0 Spellcasting
 * Level 3.2 Conjurations
 - Level 0.7 Transmutations
 * Level 5.7 Earth Magic
 + Level 1.0 Evocations


You had 10 spell levels left.
You knew the following spells:

 Your Spells              Type           Power      Damage    Failure   Level
a - Sandblast             Erth           48%        2d12      1%          1
b - Stone Arrow           Conj/Erth      58%        3d10      7%          3

Your spell library contained the following spells:

 Spells                   Type           Power      Damage    Failure   Level
 Passwall                 Tmut/Erth      12%        N/A       6%          2
 Kiss of Death            Conj/Necr      56%        2d9       8%          1
 Static Discharge         Conj/Air       28%        2-4/arc   12%         2
 Necrotise                Necr           12%        1d4       14%         1
 Petrify                  Tmut/Erth      15%        N/A       36%         4
 Confusing Touch          Hex            3%         N/A       41%         3
 Vampiric Draining        Necr           3%         2d6       41%         3
 Vhi's Electric Charge    Tloc/Air       6%         N/A       41%         3
 Dispel Undead            Necr           3%         3d7       82%         4
 Arcjolt                  Conj/Air       7%         1d17      91%         5
 Lightning Bolt           Conj/Air       7%         1d19      91%         5
 Agony                    Necr           3%         N/A       99%         5


Dungeon Overview and Level Annotations

Branches:
Dungeon (5/15)
 Temple: D:4-7

Altars:
Ashenzari
Elyvilon
Hepliaklqana
Kikubaaqudgha
Nemelex Xobeh
Uskayaw
Wu Jian

Annotations:
D:5 Dowan


Innate Abilities, Weirdness & Mutations

You are immune to sickness and miasma.
Your stone body is resilient. (AC +4)
You are immune to poison.
You resist negative energy. (rN+)
You are resistant to electric shocks. (rElec)
You are resistant to unholy torment.
You are immune to petrification.
Your magical capacity is low. (-10% MP)
You occasionally lose the ability to read scrolls when taking damage.


Message History

Magic courses through your body.
Duvessa hits you with a +2 short sword of flaming!
Duvessa burns you. Dowan hits you with a +0 dagger.
Casting: Stone Arrow (dangerous; 8% risk of failure)
Confirm with . or Enter, or press ? or * to list all spells.
Aiming: Stone Arrow (dangerous; 8% risk of failure)
Press: ? - help, Shift-Dir - straight line, f/p - Duvessa
Aim: Duvessa, wielding a +2 short sword of flaming and wearing a +0 ring mail (heavily wounded, 79% to hit)
You feel a surge of power!
The stone arrow hits Duvessa!
Duvessa is almost dead.
Duvessa hits you with a +2 short sword of flaming!
You feel threatened and lose the ability to read scrolls!
* * * LOW HITPOINT WARNING * * *
Duvessa burns you.
* * * LOW HITPOINT WARNING * * *
Dowan barely misses you.
Casting: Stone Arrow (dangerous; 8% risk of failure)
Confirm with . or Enter, or press ? or * to list all spells.
Aiming: Stone Arrow (dangerous; 8% risk of failure)
Press: ? - help, Shift-Dir - straight line, f/p - Duvessa
Aim: Duvessa, wielding a +2 short sword of flaming and wearing a +0 ring mail (almost dead, 79% to hit)
You feel a surge of power!
The stone arrow hits Duvessa!!
You kill Duvessa!
Dowan screams, "No!
No!"
Dowan seems to find hidden reserves of power!
Dowan hits you with a +0 dagger.
* * * LOW HITPOINT WARNING * * *
Dowan hits you with a +0 dagger.
* * * LOW HITPOINT WARNING * * *
Your Stealth skill increases to level 5!
Your Spellcasting skill increases to level 4!
Your Evocations skill increases to level 1!
Casting: Stone Arrow (dangerous; 7% risk of failure)
Confirm with . or Enter, or press ? or * to list all spells.
Aiming: Stone Arrow (dangerous; 7% risk of failure)
Press: ? - help, Shift-Dir - straight line, f - Dowan
Aim: Dowan, wielding a +0 dagger, wearing a +0 robe and carrying a wand of flame (16) (fast, 60% to hit)
You feel a surge of power!
The stone arrow misses Dowan.
Dowan zaps a wand.
The puff of flame hits you.
You die...

### ##.##
#####...#####
.######...........#
.....)............#
.######.##........###
#.###...e.....?
###.###..@)...##
#.####....>........#
#..................#
######.#.##.#.#.######
#.#.##.#.#.# #.. .
#####.#.##.#.#.# #.#
.# .............#.#
#†# ##.#
####..#......>.## #.#
...
#.####.......###.##.#


You could see Dowan (fast).

Vanquished Creatures
  Duvessa (D:5)
  3 hounds
  2 jellies (D:4)
  An orc priest (D:4)
  A gnoll bouda (D:4)
  2 iguanas
  Ijyb (D:3)
  2 orc wizards
  4 adders
  8 gnolls (D:4)
  A worm (D:2)
  8 dart slugs
  10 orcs
  14 endoplasms
  6 giant cockroaches
  9 goblins
  6 hobgoblins
  6 jackals
  10 kobolds
  5 quokkas
  3 ball pythons
  6 bats
  2 frilled lizards (D:2)
  9 rats
120 creatures vanquished.

Vanquished Creatures (others)
  48 plants (D:1)
48 creatures vanquished.

Grand Total: 168 creatures vanquished

Notes
Turn   | Place    | Note
-------+----------+-------------------------------------------
     0 | D:1      | arthad the Gargoyle Earth Elementalist began the quest for
                  | the Orb.
     0 | D:1      | Reached XP level 1. HP: 10/10 MP: 3/3
   220 | D:1      | Reached XP level 2. HP: 15/15 MP: 1/5
   622 | D:1      | Reached XP level 3. HP: 19/19 MP: 1/6
   702 | D:1      | Found a faded altar of an unknown god.
  1275 | D:2      | Found a hide-covered altar of Uskayaw.
  1401 | D:2      | Reached XP level 4. HP: 24/24 MP: 5/8
  1412 | D:2      | Learned a level 3 spell: Stone Arrow
  2163 | D:3      | Found an ornate altar of the Wu Jian Council.
  2165 | D:3      | Reached skill level 1 in Conjurations
  2282 | D:3      | Reached XP level 5. HP: 13/28 MP: 3/9
  2569 | D:3      | Noticed Ijyb
  2583 | D:3      | Gained mutation: You occasionally lose the ability to read
                  | scrolls when taking damage. [potion of mutation]
  2583 | D:3      | Gained mutation: Your magical capacity is low. (-10% MP)
                  | [potion of mutation]
  2585 | D:3      | Killed Ijyb
  2939 | D:4      | Found an ancient bone altar of Kikubaaqudgha.
  3022 | D:4      | Reached skill level 5 in Earth Magic
  3022 | D:4      | Reached XP level 6. HP: 30/32 MP: 6/9
  3778 | D:4      | Reached XP level 7. HP: 31/36 MP: 6/11
  4085 | D:4      | Found a broken altar of Ashenzari.
  4093 | D:4      | Found a sparkling altar of Nemelex Xobeh.
  4093 | D:4      | Found a white marble altar of Elyvilon.
  4099 | D:4      | Found a hazy altar of Hepliaklqana.
  4178 | D:5      | Entered Level 5 of the Dungeon
  4183 | D:5      | Reached skill level 1 in Armour
  4335 | D:5      | Noticed Dowan
  4336 | D:5      | Noticed Duvessa
  4347 | D:5      | Killed Duvessa
  4348 | D:5      | Reached skill level 5 in Stealth
  4348 | D:5      | Reached skill level 1 in Evocations
  4348 | D:5      | Killed from afar by Dowan

Illustrated notes

Levels and vault maps discovered:
D:1:      roderic_crop_circles_arrival_small, layout_loops_ring,
          ebering_ecumenical_altar_hall, hangedman_abyss_or_decor_stabs,
          serial_bayou_pond_e
D:2:      layout_rooms, minmay_hexomino_r4
D:3:      kennysheep_slugbush, layout_loops_ring, mainiacjoe_overflow_paths,
          uniq_ijyb
D:4:      layout_loops_corners, nicolae_overflow_hallway_of_the_gods,
          chequers_serial_rivers_marsh, kennysheep_generic_room_9
D:5:      layout_loops_ring, minmay_temple_entry_poolview, uniq_duvessa

Skill      XL: |  1  2  3  4  5  6  7 |
---------------+----------------------+-----
Earth Magic    | 4 5 |  5.7
Stealth        | 3 4 5 |  5.0
Spellcasting   | 3 4 |  4.0
Conjurations   | 1 2 3 |  3.2
Dodging        | 2 |  2.5
Armour         | 1 |  1.3
Evocations     | 1 |  1.0
Transmutations | |  0.7

Action                   |  1- 3 |  4- 6 |  7- 9 || total
-------------------------+-------+-------+-------++-------
Melee: Unarmed           |    20 |       |       ||    20
       Staff             |       |     1 |       ||     1
 Cast: Sandblast         |    63 |   107 |    17 ||   187
       Stone Arrow       |       |     1 |     9 ||    10
  Use: Potion            |       |     4 |     3 ||     7
Armor: Robe              |    30 |    28 |     2 ||    60
Dodge: Dodged            |    53 |    39 |     5 ||    97

Table legend: (Time is in decaauts)
 A = Elapsed time spent in this place.
 B = Non-inter-level travel time spent in this place.
 C = Inter-level travel time spent in this place.
 D = Time resting spent in this place.
 E = Time spent auto-exploring this place.
 F = Levels seen in this place.
 G = Mean time per level.
                   A        B        C        D        E       F      G
               +--------+--------+--------+--------+--------+-----+--------+
         Total |   4453 |   4306 |    147 |    364 |   3174 |   5 |  890.6 |
       Dungeon |   4453 |   4306 |    147 |    364 |   3174 |   5 |  890.6 |
               +--------+--------+--------+--------+--------+-----+--------+

Top non-repeatable levels by time:
     D:4: 1387 daAuts
     D:1: 1262 daAuts
     D:3: 936 daAuts
     D:2: 694 daAuts
     D:5: 172 daAuts
